 Dungeon Crawl Stone Soup version 0.29-a0-322-g68df515428 (webtiles) character file.

Game seed: 10023669556037091459

4087 Bnni the Grappler (level 10, -13/85 HPs)
             Began as an Octopode Transmuter on Apr 7, 2022.
             Was an Initiate of Gozag.
             Killed from afar by a steam dragon (33 damage)
             ... with a ball of steam
             ... on level 7 of the Dungeon.
             The game lasted 00:17:35 (8359 turns).

Bnni the Grappler (Octopode Transmuter)             Turns: 8359, Time: 00:17:36

Health: -13/85     AC:  6    Str: 14    XL:     10   Next: 26%
Magic:  0/22       EV: 18    Int: 15    God:    Gozag
Gold:   659        SH:  0    Dex: 13    Spells: 3/13 levels left

rFire   x . .      SeeInvis +     - Unarmed
rCold   + + +      Faith    .   (shield currently unavailable)
rNeg    . . .      Spirit   +   (helmet currently unavailable)
rPois   +          Reflect  .   l - amulet of guardian spirit
rElec   .          Harm     .   t - +4 ring of evasion
rCorr   .          Rampage  .   w - +4 ring of evasion
Will    .....                   D - ring of poison resistance
Stlth   +.........              F - ring of magical power
HPRegen 0.24/turn               I - ring of wizardry
MPRegen 0.18/turn               M - ring of see invisible
                                (no ring)
                                (no ring)

@: ice-form, wereblooded, gold aura
A: freezing attack, boosted hp, almost no armour, amphibious, 8 rings, large,
(camouflage 1), (gelatinous body 1), (nimble swimmer 1), (tentacles)
a: End Transformation, Renounce Religion, Potion Petition, Call Merchant, Bribe
Branch


You were on level 7 of the Dungeon.
You worshipped Gozag.
Gozag was pleased with you.
You were a creature of crystalline ice.
You visited 2 branches of the dungeon, and saw 8 of its levels.
You also visited: Ossuary.

You collected 1012 gold pieces.
You spent 299 gold pieces at shops.
You paid 54 gold pieces to Gozag.

Inventory:

Missiles
 q - 25 poisoned darts
 x - a curare-tipped dart
Jewellery
 l - an amulet of guardian spirit (around neck)
 t - a +4 ring of evasion (left front paw)
 w - a +4 ring of evasion (right front paw)
 D - a ring of poison resistance (on tentacle)
 F - a ring of magical power (on tentacle)
 I - a ring of wizardry (on tentacle)
 M - a ring of see invisible (on tentacle)
Wands
 h - a wand of mindburst (5)
 r - a wand of paralysis (4)
 A - a wand of iceblast (13)
 C - a wand of flame (36)
Scrolls
 b - a scroll of enchant weapon
 e - 8 scrolls of teleportation
 f - 2 scrolls of enchant armour
 j - a scroll of fog
 n - a scroll of silence {unknown}
 p - a scroll of magic mapping {unknown}
 u - 3 scrolls of vulnerability
 y - a scroll of amnesia {unknown}
 z - 3 scrolls of immolation
 H - a scroll of blinking {unknown}
 K - a scroll of summoning {unknown}
Potions
 a - 2 potions of lignification
 c - 2 potions of haste
 d - a potion of cancellation
 g - 3 potions of ambrosia
 i - a potion of resistance
 k - 3 potions of might
 m - 4 potions of curing
 o - a potion of magic
 s - a potion of brilliance
 v - a potion of attraction
 B - 2 potions of flight
 E - a potion of mutation
 G - a potion of heal wounds
 J - a potion of berserk rage {unknown}
 L - a potion of degeneration {unknown}


   Skills:
 + Level 7.2 Fighting
 - Level 2.0 Dodging
 * Level 10.7 Unarmed Combat
 - Level 2.0 Spellcasting
 + Level 7.4 Transmutations
 - Level 2.0 Ice Magic


You had 3 spell levels left.
You knew the following spells:

 Your Spells              Type           Power      Damage    Failure   Level
a - Beastly Appendage     Tmut           46%        N/A       1%          1
b - Wereblood             Tmut           23%        N/A       1%          2
c - Spider Form           Tmut/Pois      12%        N/A       6%          3
d - Ice Form              Ice/Tmut       15%        N/A       13%         4

Your spell library contained the following spells:

 Spells                   Type           Power      Damage    Failure   Level
 Magic Dart               Conj           4%         1d3       9%          1
 Slow                     Hex            4%         N/A       9%          1
 Summon Small Mammal      Summ           4%         N/A       9%          1
 Searing Ray              Conj           2%         2d4       13%         2
 Sublimation of Blood     Necr           1%         N/A       13%         2
 Call Canine Familiar     Summ           1%         N/A       26%         3
 Confusing Touch          Hex            1%         N/A       26%         3
 Dazzling Flash           Conj/Hex       2%         N/A       26%         3
 Summon Guardian Golem    Hex/Summ       1%         N/A       26%         3
 Vampiric Draining        Necr           1%         2d6       26%         3
 Fulminant Prism          Conj/Hex       0%         3d6       61%         4
 Iskenderun's Mystic Bla  Conj/Tloc      1%         2d3       61%         4
 Starburst                Conj/Fire      0%         6d3       100%        6
 Summon Hydra             Summ           0%         N/A       100%        7
 Borgnjor's Revivificati  Necr           0%         N/A       100%        8
 Necromutation            Tmut/Necr      6%         N/A       100%        8
 Death's Door             Necr           0%         N/A       100%        9


Dungeon Overview and Level Annotations

Branches:
Dungeon (7/15)             Temple (1/1) D:4         Ossuary (visited)

Altars:
Ashenzari
Fedhas
Gozag
Okawaru
Ru
Xom

Shops:
D:1 (?(*:


Innate Abilities, Weirdness & Mutations

You are a creature of crystalline ice.
You have a powerful freezing melee attack.
Your maximum health is increased.
Your armour is entirely melded.
You are incapable of wielding weapons or throwing items.
You cannot wear most types of armour.
You are amphibious.
You can wear up to eight rings at the same time.
((Your skin changes colour to match your surroundings (Stealth+).))
((Your rubbery body absorbs attacks. (AC +1, EV +1)))
((You are camouflaged when in or above water. (Stealth+)))
((You have tentacles for arms and can constrict up to eight enemies at once.))


Message History

The howler monkey is distracted by your dazzling golden aura.
The howler monkey hoots and howls with incredible vigour!
The howler monkey howls!
Something shouts, "Fly, thou foppish half-faced serf!"
You hear a shout! x4
A white imp comes into view.
You howl as the wereblood boils in your veins!
The white imp shouts, "Crawl home, thou dankish shard-borne pot-faker!"
The howler monkey is no longer distracted by gold.
The steam dragon bites you!
* * * LOW HITPOINT WARNING * * *
The steam dragon barely misses you.
The howler monkey hits you but does no damage.
You closely miss the howler monkey.
The steam dragon is distracted by your dazzling golden aura.
The steam dragon hisses angrily.
You punch the howler monkey! You freeze the howler monkey.
The howler monkey is almost dead.
You are engulfed in a cloud of scalding steam.
* * * LOW HITPOINT WARNING * * *
The howler monkey is engulfed in a cloud of scalding steam.
You barely miss the steam dragon.
The steam dragon is no longer distracted by gold.
You are engulfed in a cloud of scalding steam.
* * * LOW HITPOINT WARNING * * *
The howler monkey hoots and howls with incredible vigour!
You hear a shout!
You barely miss the howler monkey.
The howler monkey is almost dead.
You are engulfed in a cloud of scalding steam.
* * * LOW HITPOINT WARNING * * *
The steam dragon bites you!
* * * LOW HITPOINT WARNING * * *
The steam dragon claws you.
The howler monkey hits you but does no damage.
You feel much better. The steam dragon breathes steam at you.
The ball of steam hits you!! The steam scalds you terribly!
You die...
Your body crumbles into a pile of gold.

#.#.# # #.#.#.#..
..#.#.#.. #.......#
..(.....#
################.......#
...............$.$.....#
################§......#
.. ..# #Y§.....# ## #.#
#hD.....# #.# #h.5...$#
####^##########.......#
#)...........##.......#
#.....<.........##.[...
##............##.# .####
.#............##.# .#
..............#


You could see a steam dragon (catching breath), 2 howler monkeys and a white
imp.

Vanquished Creatures
  Pikel (D:6)
  Maggie (D:6)
  3 slime creatures (D:5)
  Sigmund (D:6)
  Edmund (D:6)
  2 orc warriors (D:6)
  3 ice beasts (D:5)
  A sky beast (D:7)
  A centaur (D:5)
  3 kobold brigands (D:5)
  A bullfrog (D:4)
  2 scorpions
  A necrophage (D:5)
  4 wyvern zombies (Ossuary)
  6 bullfrog zombies (Ossuary)
  6 jellies
  A gnoll shaman (D:6)
  An orc priest (D:6)
  6 iguanas
  Ijyb (D:4)
  3 orc wizards
  2 killer bee zombies (Ossuary)
  11 mummies
  3 howler monkey zombies (Ossuary)
  3 gnolls (D:6)
  12 adders
  A shadow imp (D:5)
  A white imp (D:5)
  6 worms
  2 dart slugs (D:3)
  14 orcs
  4 bats
  13 endoplasms
  5 goblins
  7 hobgoblins
  14 kobolds
  4 quokkas
  9 ball pythons
  A frilled lizard (D:1)
  A kobold zombie (D:6)
  An orc zombie (D:6)
  2 rats
165 creatures vanquished.

Vanquished Creatures (others)
  An orc (D:6)
  A fungus (D:5)
  13 toadstools
  7 withered plants (Ossuary)
22 creatures vanquished.

Grand Total: 187 creatures vanquished

Notes
Turn   | Place    | Note
-------+----------+-------------------------------------------
     0 | D:1      | Bnni the Octopode Transmuter began the quest for the Orb.
     0 | D:1      | Reached XP level 1. HP: 13/13 MP: 3/3
   180 | D:1      | Found Zyicvith's Magic Scroll Emporium.
   211 | D:1      | Found Lauropn's Assorted Antiques.
   234 | D:1      | Found Daina's Book Emporium.
   237 | D:1      | Reached XP level 2. HP: 18/18 MP: 5/5
   393 | D:1      | Found Pihuusk's Weapon Boutique.
   450 | D:1      | Found Puwuc's Weapon Shoppe.
   964 | D:1      | Bought a scroll of identify for 28 gold pieces
   966 | D:1      | Bought a scroll of identify for 28 gold pieces
  1022 | D:2      | Found a faded altar of an unknown god.
  1221 | D:2      | Reached XP level 3. HP: 23/23 MP: 6/6
  1247 | D:2      | Learned a level 2 spell: Wereblood
  1251 | D:2      | Learned a level 3 spell: Spider Form
  1953 | D:3      | Reached skill level 4 in Unarmed Combat
  1953 | D:3      | Reached XP level 4. HP: 28/29 MP: 7/7
  3095 | D:4      | Found a staircase to the Ecumenical Temple.
  3104 | Temple   | Entered the Ecumenical Temple
  3115 | Temple   | Became a worshipper of Gozag Ym Sagoz the Greedy
  3295 | D:4      | Reached XP level 5. HP: 34/34 MP: 8/8
  3338 | D:4      | Reached skill level 5 in Unarmed Combat
  3519 | D:4      | Reached XP level 6. HP: 12/41 MP: 6/9
  3886 | D:4      | Noticed Ijyb
  3897 | D:4      | Killed Ijyb
  4666 | D:1      | Bought a scroll of identify for 54 gold pieces
  4666 | D:1      | Bought a scroll of identify for 54 gold pieces
  4736 | D:5      | Entered Level 5 of the Dungeon
  4811 | D:5      | Noticed an ice beast
  4817 | D:5      | Reached XP level 7. HP: 23/46 MP: 4/10
  4825 | D:5      | Reached skill level 6 in Unarmed Combat
  5174 | D:5      | Learned a level 4 spell: Ice Form
  5194 | D:5      | Reached skill level 1 in Ice Magic
  5803 | D:5      | Reached XP level 8. HP: 42/54 MP: 11/11
  5994 | D:5      | Reached skill level 7 in Unarmed Combat
  6164 | D:5      | Noticed a slime creature
  6172 | D:5      | Noticed a slime creature
  6177 | D:5      | Killed a slime creature
  6178 | D:5      | Reached skill level 5 in Transmutations
  6186 | D:5      | Noticed a slime creature
  6201 | D:5      | Killed a slime creature
  6202 | D:5      | Reached skill level 5 in Fighting
  6206 | D:5      | Reached skill level 8 in Unarmed Combat
  6219 | D:5      | Killed a slime creature
  6220 | D:5      | Reached XP level 9. HP: 18/61 MP: 4/12
  6520 | D:6      | Noticed Edmund
  6541 | D:6      | Killed Edmund
  6640 | D:6      | Noticed Maggie
  6664 | D:6      | Killed Maggie
  6665 | D:6      | Reached skill level 9 in Unarmed Combat
  6844 | D:6      | Noticed Pikel
  6859 | D:6      | Killed Pikel
  6948 | D:6      | Noticed Sigmund
  6961 | D:6      | Killed Sigmund
  7065 | D:6      | Reached skill level 10 in Unarmed Combat
  7134 | D:6      | Found a sand-covered staircase.
  7140 | Ossuary  | Entered an ossuary
  7177 | Ossuary  | Reached XP level 10. HP: 69/69 MP: 13/13
  8076 | D:1      | Bought a scratched pearl ring for 135 gold pieces
  8358 | D:7      | HP: 1/85 [steam dragon (7)]
  8359 | D:7      | Killed from afar by a steam dragon

Illustrated notes

Levels and vault maps discovered:
D:1:      ldierk_walled_garden, layout_rooms, serial_shops,
          nicolae_shop_overgrown_old_shop, shop_statue,
          nicolae_shop_bloodbath_and_beyond, nicolae_shop_hallway_plus,
          nicolae_shop_trees, palyth_stone_intersect, minmay_box_of_dots
D:2:      layout_basic, shapermc_ecumenical_altar_mp_highgroup
D:3:      layout_loops_corners
D:4:      minmay_opposing_rooms, layout_cave_pools,
          minmay_temple_entry_nine_rooms, minivault_23,
          hangedman_decor_diamond_cutter, uniq_ijyb
D:5:      cheibrodos_fertilizer, layout_basic
D:6:      layout_gridville, nicolae_ossuary_entry_giza, hex_medium, uniq_edmund,
          uniq_pikel, uniq_sigmund, uniq_maggie
D:7:      layout_basic, lightli_temple_of_fire, moated_statue,
          grunt_decor_mini_mirrors, minivault_27, uniq_menkaure
Temple:   regret_index_temple_chain_breaker

Skill      XL: |  1  2  3  4  5  6  7  8  9 10 |
---------------+-------------------------------+-----
Unarmed Combat | 4 5 6 8 10 | 10.7
Fighting       | 2 3 4 5 6 7 |  7.2
Transmutations | 3 4 5 7 |  7.4
Ice Magic      | 1 2 |  2.0
Dodging        | |  2.0
Spellcasting   | |  2.0

Action                   |  1- 3 |  4- 6 |  7- 9 | 10-12 || total
-------------------------+-------+-------+-------+-------++-------
Melee: Unarmed           |    71 |   123 |   208 |   107 ||   509
       Constrict         |    17 |    19 |    22 |    17 ||    75
       Tentacles         |    17 |    16 |    39 |    34 ||   106
       Punch             |     1 |     2 |     7 |     9 ||    19
 Cast: Wereblood         |       |     5 |     7 |     3 ||    15
       Spider Form       |       |     2 |     6 |       ||     8
       Ice Form          |       |       |       |     2 ||     2
Evoke: Wand              |       |       |     2 |       ||     2
  Use: Scroll            |     5 |     4 |       |    10 ||    19
       Potion            |       |     1 |     2 |     1 ||     4
 Stab: Sleeping          |     6 |     6 |     4 |       ||    16
       Paralysed         |       |       |     4 |       ||     4
       Distracted        |       |       |     1 |     3 ||     4
       Invisible         |       |       |     4 |       ||     4
Armor: Skin              |     9 |     3 |     4 |     4 ||    20
Dodge: Dodged            |    39 |    71 |   158 |    60 ||   328

Table legend: (Time is in decaauts)
 A = Elapsed time spent in this place.
 B = Non-inter-level travel time spent in this place.
 C = Inter-level travel time spent in this place.
 D = Time resting spent in this place.
 E = Time spent auto-exploring this place.
 F = Levels seen in this place.
 G = Mean time per level.
                   A        B        C        D        E       F      G
               +--------+--------+--------+--------+--------+-----+--------+
         Total |   8296 |   7877 |    419 |   1717 |   4759 |   9 |  921.8 |
       Dungeon |   7580 |   7170 |    410 |   1717 |   4305 |   7 | 1082.9 |
        Temple |     21 |     12 |      9 |      0 |      2 |   1 |   21.0 |
       Ossuary |    693 |    693 |      0 |      0 |    452 |   1 |  693.0 |
               +--------+--------+--------+--------+--------+-----+--------+

Top non-repeatable levels by time:
     D:5: 1772 daAuts
     D:3: 1542 daAuts
     D:4: 1281 daAuts
     D:1: 1061 daAuts
     D:2: 932 daAuts
     D:6: 791 daAuts
 Ossuary: 693 daAuts
     D:7: 198 daAuts
  Temple: 21 daAuts
